 Dungeon Crawl Stone Soup version 0.23-a0-241-g3b46b07 (webtiles) character file.

298 Illumine the Chopper (level 6, 0/51 HPs)
             Began as a Minotaur Fighter on Sept 26, 2018.
             Was a Follower of Okawaru.
             Succumbed to a killer bee's poison
             ... on level 4 of the Dungeon.
             The game lasted 00:03:58 (1774 turns).

Illumine the Chopper (Minotaur Fighter)             Turns: 1774, Time: 00:03:59

Health: 0/51       AC:  7    Str: 23    XL:     6   Next: 13%
Magic:  6/6        EV:  7    Int: 10    God:    Okawaru [*.....]
Gold:   72         SH:  9    Dex:  9    Spells: 5/5 levels left

rFire    . . .     SeeInvis .   a - +0 war axe
rCold    . . .     Gourm    .   c - +0 shield
rNeg     . . .     Faith    .   b - +0 scale mail
rPois    .         Spirit   .   (helmet restricted)
rElec    .         Reflect  .   (no cloak)
rCorr    .         Harm     .   (no gloves)
MR       .....                  (no boots)
Stlth    ..........             (no amulet)
HPRegen  0.17/turn              (no ring)
MPRegen  0.10/turn              (no ring)

@: brilliant, lethally poisoned (0 -> -12)
A: retaliatory headbutt, horns 2, mutation resistance 1, subdued magic 1
a: Heroism, Renounce Religion


You were on level 4 of the Dungeon.
You worshipped Okawaru.
Okawaru was aware of your devotion.
You were not hungry.

You visited 1 branch of the dungeon, and saw 4 of its levels.

You collected 72 gold pieces.

Inventory:

Hand Weapons
 a - a +0 war axe (weapon)
 s - a +0 hunting sling
Missiles
 k - 27 poisoned needles
 r - 28 bolts
 t - 44 stones (quivered)
Armour
 b - a +0 scale mail (worn)
 c - a +0 shield (worn)
Jewellery
 u - an uncursed ring of protection from cold {unknown}
Scrolls
 d - 2 scrolls of magic mapping {unknown}
 e - a scroll of remove curse {unknown}
 i - 2 scrolls of enchant armour {unknown}
 m - a scroll of immolation {unknown}
 o - a scroll of teleportation {unknown}
 v - a scroll of identify {unknown}
Potions
 g - a potion of flight
 j - a potion of brilliance
 l - a potion of cancellation
 p - a potion of lignification {unknown}
Comestibles
 f - 7 rations
 q - 2 chunks of flesh


   Skills:
 - Level 3.6 Fighting
 * Level 5.9 Axes
 + Level 5.2 Armour
 - Level 3.6 Shields
 + Level 2.5 Invocations


You had 5 spell levels left.
You didn't know any spells.
Your spell library was empty.

Dungeon Overview and Level Annotations

Branches:
Dungeon (4/15)
 Temple: D:4-7

Altars:
Okawaru


Innate Abilities, Weirdness & Mutations

You reflexively headbutt those who attack you in melee.
You have a pair of horns on your head.
You are somewhat resistant to further mutation.
Your spells are a little easier to cast, but a little less powerful.


Message History

You miss the killer bee.
The killer bee is heavily wounded.
You feel sick. You block the killer bee's attack.
The killer bee barely misses you.
The killer bee stings you but does no damage.
You closely miss the killer bee.
The killer bee is heavily wounded.
You feel sick.
The killer bee stings you but does no damage. x2
You closely miss the killer bee.
The killer bee is heavily wounded.
You feel sick. The killer bee stings you!
* * * LOW HITPOINT WARNING * * *
You block the killer bee's attack. The killer bee stings you.
* * * LOW HITPOINT WARNING * * *
You are more poisoned.
The killer bee poisons you!
It was a potion of mutation.
You feel extremely strange.
Your connection to magic feels subdued.
You feel genetically stable.
You die...

#########
#.......#
#.#####.# #<#
#.# #######.#
#..hy@..#
#[####### #.#
#.# #h#
...........y=..
#.###......yy..
#........hh
#.[........


You could see a killer bee and a jackal.

Vanquished Creatures
  Sigmund (D:3)
  8 adders
  3 dart slugs
  2 leopard geckos
  An orc (D:3)
  5 giant cockroaches
  8 goblins
  7 hobgoblins
  A ball python (D:2)
  8 bats
  5 frilled lizards
  7 kobolds
  7 rats
63 creatures vanquished.

Notes
Turn   | Place    | Note
-------+----------+-------------------------------------------
     0 | D:1      | Illumine the Minotaur Fighter began the quest for the Orb.
     0 | D:1      | Reached XP level 1. HP: 19/19 MP: 0/0
   126 | D:1      | Reached XP level 2. HP: 24/26 MP: 1/1
   132 | D:1      | Found an iron altar of Okawaru.
   152 | D:1      | Became a worshipper of Warmaster Okawaru
   345 | D:1      | Reached XP level 3. HP: 31/31 MP: 2/2
   858 | D:2      | Reached skill level 1 in Invocations
   862 | D:2      | Reached XP level 4. HP: 28/39 MP: 3/3
  1289 | D:3      | Noticed Sigmund
  1311 | D:3      | Killed Sigmund
  1311 | D:3      | Reached * piety under Okawaru
  1311 | D:3      | Reached skill level 5 in Axes
  1311 | D:3      | Reached skill level 5 in Armour
  1311 | D:3      | Reached XP level 5. HP: 26/45 MP: 5/5
  1311 | D:3      | Reached XP level 6. HP: 29/51 MP: 6/6
  1773 | D:4      | HP: 1/51 [killer bee (4)]
  1774 | D:4      | Gained mutation: Your spells are a little easier to cast,
                  | but a little less powerful. [potion of mutation]
  1774 | D:4      | Gained mutation: You are somewhat resistant to further
                  | mutation. [potion of mutation]
  1774 | D:4      | Succumbed to a killer bee's poison

Vault maps used:
D:1:      eino_arrival_cavern_b, serial_bayou_pond_e, okawaru_ov_weapons_minmay
D:3:      uniq_sigmund
D:4:      first_ration

Skill      XL: |  1  2  3  4 |
---------------+-------------+-----
Axes           | 3 4 5 |  5.9
Armour         | 4 5 |  5.2
Invocations    | 1 2 |  2.5
Fighting       | |  3.6
Shields        | |  3.6

Action                   |  1- 3 |  4- 6 || total
-------------------------+-------+-------++-------
Melee: War axe           |   100 |    52 ||   152
       Headbutt          |    12 |     7 ||    19
  Use: Potion            |     2 |     6 ||     8
  Eat: Chunk             |       |     3 ||     3
Armor: Scale mail        |    53 |    27 ||    80
Dodge: Dodged            |    32 |    15 ||    47
Block: Shield            |    55 |    38 ||    93

Table legend:
 A = Non-vault XP
 B = Vault XP
 C = Vault XP percentage of total XP
 D = Non-vault monster count
 E = Vault monster count
 F = Vault count percentage of total count
                 A         B        C        D         E       F
            +---------+---------+-------+---------+---------+-------
      Total |     203 |     223 |  52.3 |      62 |       1 |   1.6
            +---------+---------+-------+---------+---------+-------
        D:1 |      47 |       0 |   0.0 |      25 |       0 |   0.0
        D:2 |      71 |       0 |   0.0 |      22 |       0 |   0.0
        D:3 |      85 |     223 |  72.4 |      15 |       1 |   6.2
            +---------+---------+-------+---------+---------+-------
